 Dungeon Crawl Stone Soup version 0.27.1-33-g824d729ab1 (webtiles) character file.

Game seed: 3434547244118421000

5531 pkoi the Grappler (level 10, -1/86 HPs)
             Began as a Grey Draconian Monk on Dec 15, 2021.
             Was a Believer of the Shining One.
             Succumbed to a hornet's poison
             ... on level 8 of the Dungeon.
             The game lasted 00:21:24 (14412 turns).

pkoi the Grappler (Grey Draconian Monk)            Turns: 14412, Time: 00:21:24

Health: -1/86      AC: 15    Str: 11 (14) XL:     10   Next: 43%
Magic:  1/12       EV: 13    Int: 13 (14) God:    the Shining One [**....]
Gold:   548        SH:  0    Dex: 10 (13) Spells: 9/9 levels left

rFire    . . .     SeeInvis +     - Unarmed
rCold    + . .     Faith    .   (no shield)
rNeg     + . .     Spirit   +   (armour unavailable)
rPois    .         Reflect  .   (helmet restricted)
rElec    .         Harm     .   z - +1 cloak
rCorr    .         Rampage  .   (no gloves)
Will     .....     Clarity  +   f - +0 pair of boots
Stlth    +.........             a - amulet of guardian spirit
HPRegen  0.24/turn              u - ring of see invisible
MPRegen  0.13/turn              q - ring of protection from cold

@: lethally poisoned (-1 -> -6), flying, very slightly contaminated, slowed,
glowing, very slow
A: AC +12, amphibious, unfitting armour, cold-blooded, clarity
a: Renounce Religion, Divine Shield


You were on level 8 of the Dungeon.
You worshipped the Shining One.
The Shining One was pleased with you.
You visited 2 branches of the dungeon, and saw 10 of its levels.
You also visited: Sewer.

You collected 548 gold pieces.

Inventory:

Hand Weapons
 d - a +4 dagger
 m - a +1 dagger of venom
Missiles
 e - 54 poisoned darts (quivered)
 F - a throwing net
Armour
 f - a +0 pair of boots (worn)
 z - a +1 cloak (worn)
Jewellery
 a - an amulet of guardian spirit (around neck)
 p - a ring of wizardry
 q - a ring of protection from cold (right hand)
 u - a ring of see invisible (left hand)
 x - a ring of magical power
 D - an amulet of reflection
Wands
 y - a wand of acid (8)
 A - a wand of flame (41)
 C - a wand of paralysis (13)
Scrolls
 b - a scroll of blinking
 c - 4 scrolls of teleportation
 n - a scroll of immolation
 s - 3 scrolls of identify
 v - a scroll of fear
 w - 3 scrolls of magic mapping {unknown}
 B - a scroll of summoning {unknown}
 E - a scroll of fog
Potions
 g - a potion of attraction
 h - 4 potions of brilliance
 j - 3 potions of haste
 l - a potion of invisibility
 o - a potion of might
 r - a potion of flight


   Skills:
 + Level 7.0 Fighting
 + Level 5.9 Dodging
 - Level 1.7 Stealth
 + Level 13.0 Unarmed Combat
 + Level 3.0 Invocations


You had 9 spell levels left.
You didn't know any spells.
Your spell library contained the following spells:

 Spells                   Type           Power      Damage    Failure   Level
 Sublimation of Blood     Necr           0%         N/A       43%         2
 Wereblood                Tmut           0%         N/A       43%         2
 Fireball                 Conj/Fire      0%         3d3       100%        5
 Iskenderun's Battlesphe  Conj           0%         2d6       100%        5
 Conjure Ball Lightning   Conj/Air       0%         3x3d6     100%        6
 Orb of Destruction       Conj           0%         N/A       100%        7
 Summon Hydra             Summ           0%         N/A       100%        7


Dungeon Overview and Level Annotations

Branches:
Dungeon (9/15)             Temple (1/1) D:6           Sewer (visited)
   Lair: D:8-11         Orc: D:9-12

Altars:
Ashenzari
Cheibriados
Dithmenos
Fedhas
Gozag
Hepliaklqana
Makhleb
Nemelex Xobeh
Okawaru
Ru
Sif Muna
Trog
Uskayaw
Vehumet
Xom
Yredelemnul
The Shining One

Shops:
D:7 ([**=   D:8 (

Annotations:
D:9 Gastronok, Harold


Innate Abilities, Weirdness & Mutations

Your dull iron-grey scales are very hard. (AC +12)
You are amphibious.
You cannot fit into any form of body armour.
You are cold-blooded and may be slowed by cold attacks.
You possess an exceptional clarity of mind.


Message History

You hit the hornet but do no damage.
The hornet is almost dead.
You feel sick. The hornet barely misses you. The hornet stings you.
* * * LOW HITPOINT WARNING * * *
You are lethally poisoned!
You suddenly lose the ability to move!
* * * LOW HITPOINT WARNING * * *
You feel very sick.
The hornet stings you but does no damage.
* * * LOW HITPOINT WARNING * * *
You feel very sick.
The hornet stings you but does no damage.
The hornet stings you. The Shining One protects you from harm!
You feel as though you will be slow longer.
You can move again.
Unknown command.
Aiming: Corrosive Bolt
Press: ? - help, Shift-Dir - straight line The bolt of acid hits the hornet!
The hornet is splashed with acid!
The acid corrodes the hornet!
You kill the hornet!
You flicker back into view.
* * * LOW HITPOINT WARNING * * *
You feel very sick. The shadow hits you.
Your Fighting skill increases to level 7!
Your Invocations skill increases to level 3!
Unknown command.
Unknown command.
That's the wrong kind of item! (Use * to select it.) Evoke which item? (* to show all) (? for menu, Esc to quit)
You don't have any such object.
Evoke which item? (* to show all) (? for menu, Esc to quit)
Okay, then.
Unknown command.
Really quaff the potion of mutation?
You feel extremely strange.
You feel more energetic.
You feel weaker.
You die...

###................# #.....#.
#..................####.......
#.#.###.#####.#.####.#.###..##
#.#.# #.### #.#.# #.#.## #..#
#.#.# #...# #...# ##.#.# #..#
#.#.# ###.# #.#)###.#.####..#
#.#.# #.# #......####.....#
#.#.# ###.###......# #.....#
#.#.# #.....#@#....####....##
#.#.###....[#W#............#
#..[...>...>Y.#####..####.##
###.###.)..[#.# #..# #.#
#.###.....#.# #..# #.#
#.##........#####..####.#
#.##.##.##..............#
##.##.##.##.###.##.[######
#.............#.##..######


You could see a yak (corroded) and a shadow (corroded).

Vanquished Creatures
  A two-headed ogre (D:6)
  An unseen horror (D:6)
  A hornet (D:8)
  A wraith (D:9)
  Eustachio (D:3)
  A steam dragon (D:8)
  Menkaure (D:6)
  Duvessa (D:5)
  A black bear (D:5)
  A sky beast (D:5)
  An ice beast (D:5)
  An orc warrior (D:8)
  A hornet zombie (D:5)
  2 necrophages
  2 ogres
  9 centaurs
  A phantom (D:5)
  5 kobold brigands
  Dowan (D:5)
  3 scorpions
  A water moccasin skeleton (D:6)
  6 killer bees
  7 wights
  2 howler monkeys
  2 bullfrog zombies (D:5)
  2 centaur zombies
  5 hounds
  A bullfrog skeleton (D:5)
  3 orc priests
  2 gnoll shamans
  Terence (D:2)
  An iguana (D:5)
  2 orc wizards (D:8)
  Robin (D:1)
  16 gnolls
  11 adders
  2 ufetubi (D:6)
  A worm (D:5)
  4 dart slugs
  23 orcs
  10 ball pythons
  8 bats
  5 endoplasms
  2 giant cockroaches
  18 goblins
  5 hobgoblins
  9 jackals
  3 quokkas
  A frilled lizard (Sewer)
  33 kobolds
  5 rats
228 creatures vanquished.

Vanquished Creatures (others)
  8 fungi (D:2)
  A plant (Sewer)
  5 toadstools (D:2)
14 creatures vanquished.

Grand Total: 242 creatures vanquished

Notes
Turn   | Place    | Note
-------+----------+-------------------------------------------
     0 | D:1      | pkoi the Draconian Monk began the quest for the Orb.
     0 | D:1      | Reached XP level 1. HP: 19/19 MP: 1/1
   584 | D:1      | Reached XP level 2. HP: 26/26 MP: 2/2
  1216 | D:2      | Reached skill level 4 in Unarmed Combat
  1218 | D:2      | HP: 1/26 [poisoned by an adder]
  1719 | D:2      | Reached XP level 3. HP: 30/31 MP: 3/3
  2193 | D:2      | Noticed Robin
  2611 | D:1      | Killed Robin
  2921 | D:2      | Reached XP level 4. HP: 35/38 MP: 2/4
  3010 | D:2      | Reached skill level 5 in Unarmed Combat
  3403 | D:2      | Noticed Terence
  4237 | D:3      | Reached XP level 5. HP: 44/45 MP: 5/5
  4435 | D:3      | Reached skill level 6 in Unarmed Combat
  4568 | D:3      | Found a faded altar of an unknown god.
  5127 | D:4      | Noticed Eustachio
  5448 | D:4      | Found a glowing drain.
  5457 | Sewer    | Entered a sewer
  5506 | Sewer    | Reached XP level 6. HP: 15/51 MP: 0/6
  5815 | Sewer    | Reached skill level 7 in Unarmed Combat
  6428 | D:4      | Found a burning altar of Makhleb.
  6890 | D:4      | Reached skill level 8 in Unarmed Combat
  6942 | D:4      | Your scales start taking on a dull iron-grey colour.
  6942 | D:4      | Reached XP level 7. HP: 50/57 MP: 5/7
  7078 | D:4      | Found a sacrificial altar of Ru.
  7224 | D:4      | Found a shimmering altar of Xom.
  7392 | D:5      | Entered Level 5 of the Dungeon
  7528 | D:5      | Reached skill level 9 in Unarmed Combat
  8143 | D:5      | Reached XP level 8. HP: 59/63 MP: 8/8
  8236 | D:5      | Reached skill level 10 in Unarmed Combat
  8450 | D:5      | Reached skill level 11 in Unarmed Combat
  8777 | D:5      | Found a hazy altar of Hepliaklqana.
  8876 | D:6      | Reached XP level 9. HP: 44/70 MP: 9/9
  9002 | D:6      | Noticed an unseen horror
  9015 | D:6      | Reached skill level 12 in Unarmed Combat
  9187 | D:6      | Killed an unseen horror
  9443 | D:6      | Noticed Menkaure
  9456 | D:6      | Gained mutation: Your muscles are strong. (Str +2) [potion
                  | of mutation]
  9456 | D:6      | Gained mutation: Your magical capacity is low. (-10% MP)
                  | [potion of mutation]
  9456 | D:6      | Gained mutation: You possess an exceptional clarity of
                  | mind. [potion of mutation]
  9457 | D:6      | Killed Menkaure
  9922 | D:6      | Noticed Duvessa
  9925 | D:6      | Noticed Dowan
  9939 | D:5      | Killed Duvessa
  9940 | D:5      | Reached skill level 5 in Fighting
  9951 | D:5      | Killed Dowan
 10131 | D:6      | Noticed a two-headed ogre
 10183 | D:6      | Killed a two-headed ogre
 10184 | D:6      | Reached skill level 5 in Dodging
 10346 | D:6      | Found a staircase to the Ecumenical Temple.
 10478 | Temple   | Entered the Ecumenical Temple
 11011 | Temple   | Became a worshipper of the Shining One
 11011 | Temple   | Reached * piety under the Shining One
 11011 | Temple   | Reached ** piety under the Shining One
 11235 | D:2      | Killed Terence
 11321 | D:3      | Killed Eustachio
 11322 | D:3      | Reached XP level 10. HP: 77/83 MP: 9/9
 11576 | D:7      | Found a shadowy altar of Dithmenos.
 11649 | D:7      | Reached skill level 1 in Invocations
 12152 | D:7      | Found Qeveirul's Antique Weapon Emporium.
 12155 | D:7      | Found Gyhy's Assorted Antiques.
 12155 | D:7      | Found Imabidirgh's Armour Emporium.
 12157 | D:7      | Found Bifyuwis's Assorted Antiques.
 12180 | D:7      | Found Nurpheli's Jewellery Boutique.
 12251 | D:7      | Found a broken altar of Ashenzari.
 13163 | D:8      | Found a sparkling altar of Nemelex Xobeh.
 13202 | D:8      | Found Ynehajix's Weapon Shoppe.
 13828 | D:9      | Found an iron altar of Okawaru.
 13859 | D:9      | Noticed Gastronok
 13860 | D:9      | Noticed Harold
 14231 | D:9      | Reached skill level 13 in Unarmed Combat
 14408 | D:8      | Paralysed by a hornet for 3 turns
 14410 | D:8      | HP: 3/84 [poisoned by a hornet]
 14410 | D:8      | The Shining One protects you from harm!
 14411 | D:8      | HP: 1/84 [poisoned by a hornet]
 14412 | D:8      | Lost mutation: Your magical capacity is low. (-10% MP)
                  | [potion of mutation]
 14412 | D:8      | Lost mutation: Your muscles are strong. (Str +2) [potion of
                  | mutation]
 14412 | D:8      | Succumbed to a hornet's poison

Illustrated notes

Levels and vault maps discovered:
D:1:      saegor_arrival_simple_b, layout_basic, minivault_25
D:2:      layout_loops_ring, minmay_gold_behind_fungi, uniq_robin, uniq_terence
D:3:      layout_loops_corners, dreamdust_ecumenical_altar_angels_and_demons,
          minmay_misc_feat_square
D:4:      layout_cave_pools, mainiacjoe_overflow_alcove_2, bloody_makhleb,
          nicolae_ru_sacrificial_ziggurat, portal_sewer_entry_d,
          wad_rectangle_vault, uniq_eustachio
D:5:      layout_cave_pools, nicolae_overflow_crystal_walls,
          grunt_ministairs_13, kennysheep_diamond
D:6:      layout_cave_pools, minmay_temple_entry_enclosed_plants, centaur_isle,
          uniq_menkaure, uniq_duvessa
D:7:      layout_cave_pods, old_standard_altar, overflow_temple_1_default,
          minmay_shop_grid_forest, minmay_shop_enchanted_jewellery
D:8:      layout_loops_ring, nemelex_diamond_rough_becter, serial_shops, shop,
          minivault_24
D:9:      layout_cave_pools, general_overflow_altar,
          mainiacjoe_overflow_tiny_flanked, mainiacjoe_overflow_chevrons,
          okawaru_ov_weapons_minmay, minivault_1, hangedman_decor_lopped,
          minmay_variable_closet, uniq_erica, uniq_gastronok, uniq_harold
Temple:   jpeg_temple_island

Skill      XL: |  1  2  3  4  5  6  7  8  9 10 |
---------------+-------------------------------+-----
Unarmed Combat | 4 5 6 8 9 11 12 13 | 13.0
Fighting       | 6 7 |  7.0
Dodging        | 5 |  5.9
Invocations    | 3 |  3.0
Stealth        | |  1.7

Action                   |  1- 3 |  4- 6 |  7- 9 | 10-12 || total
-------------------------+-------+-------+-------+-------++-------
Melee: Unarmed           |   136 |   279 |   356 |   154 ||   925
       Tailslap          |    12 |    26 |    41 |    18 ||    97
       Punch             |     1 |     5 |    18 |     7 ||    31
Throw: Dart              |       |       |    14 |       ||    14
Evoke: Wand              |       |       |       |     3 ||     3
  Use: Scroll            |     3 |     4 |     1 |     2 ||    10
       Potion            |       |     3 |     4 |     5 ||    12
 Stab: Sleeping          |     2 |     3 |       |       ||     5
Armor: Skin              |    38 |   133 |   163 |    84 ||   418
Dodge: Dodged            |    78 |   226 |   223 |   133 ||   660
